AoeStats
← moobchunks

Arena

509523646Analyzed
4v4 RM · 6d ago on Sep 27, 2026· 24m 57s· 8 players
Game mode
Random Map
Map size
Large (8 player)
Population
200
Speed
Normal
Resources
Standard
Victory
Conquest
Starting age
Dark Age
Ending age
Imperial Age
RankedLock teamsTeams togetherTeam positionsShared explorationLock speedFull tech treeHidden civsTurbo modeCheats
Victory
Defeat
🇦🇷 Cumans · Argentina
798
+14
🇨🇦 Celts · Canada
793
+15
🇨🇳 Vietnamese · China
781
+15
🇭🇰 Goths · Hong Kong SAR China
741
+16
🇺🇸 Danes · United States
785
-16
🇺🇸 Franks · United States
767
-15
🇺🇸 Magyars · United States
758
-15
🇨🇦 Bohemians · Canada
736
-14
madagascart
3:13 Loom
11:20 Feudal Age
16:40 Castle Age
15:21 Double-Bit Axe
15:51 Horse Collar
moobchunks
5:13 Loom
12:43 Feudal Age
13:52 Arson
14:06 Double-Bit Axe
14:04 Horse Collar
16:16 Forging
16:06 Scale Mail Armor
15:32 Man-at-Arms
19:03 Castle Age
17:58 Fletching
19:11 Long Swordsman
19:37 Gambesons
19:53 Squires
20:44 Pikeman
TheTravelingGinger
11:57 Feudal Age
12:36 Double-Bit Axe
13:33 Wheelbarrow
21:01 Castle Age
20:26 Scale Barding Armor
22:09 Chain Barding Armor
22:13 Hand Cart
23:29 Bow Saw
23:17 Gold Mining
23:18 Stone Mining
23:31 Light Cavalry
25:10 Husbandry
25:59 Gold Shaft Mining
mhames40
12:56 Feudal Age
11:45 Loom
13:32 Double-Bit Axe
13:29 Horse Collar
17:00 Stone Mining
17:01 Gold Mining
20:25 Castle Age
21:10 Wheelbarrow
20:32 Town Watch
21:38 Bow Saw
21:13 Light Cavalry
24:58 Gold Shaft Mining
sensticks
11:37 Feudal Age
15:28 Castle Age
14:00 Stone Mining
14:53 Double-Bit Axe
20:26 Scale Mail Armor
25:51 Chain Mail Armor
25:46 Forging
songshu512
chentao_1209
10:25 Feudal Age
14:38 Castle Age
13:16 Double-Bit Axe
13:14 Horse Collar
16:38 Wheelbarrow
22:58 Hand Cart
niquitolai
0:42 Loom
12:49 Feudal Age
12:55 Man-at-Arms
13:24 Double-Bit Axe
13:22 Horse Collar
16:23 Arson
Connection lost

Rejoining the realm…

Still unreachable

The connection could not be restored.

Session expired

The server has moved on; the page needs a fresh start.